 Dungeon Sprint DCSS version 0.29-a0-284-gf9362112df (webtiles) character file.

Game seed: 12948828579276200934

164 mhtbhm the Slinger (level 5, -3/42 HPs)
             Began as a Human Hunter on Mar 30, 2022.
             Slain by a shadow (19 damage)
             ... in the Dungeon (Sprint III: "The Ten Rune Challenge").
             The game lasted 00:01:49 (715 turns).

mhtbhm the Slinger (Human Hunter)                    Turns: 715, Time: 00:01:49

Health: -3/42      AC:  3    Str: 13    XL:     5   Next: 73%
Magic:  5/5        EV: 13    Int: 10    God:
Gold:   38         SH:  0    Dex: 16    Spells: 4/4 levels left

rFire   . . .      SeeInvis .   a - +1 hunting sling
rCold   . . .      Faith    .   (no shield)
rNeg    . . .      Spirit   .   b - +0 leather armour
rPois   .          Reflect  .   (no helmet)
rElec   +          Harm     .   (no cloak)
rCorr   .          Rampage  .   (no gloves)
Will    .....      NoTele   +   (no boots)
Stlth   ++........              (no amulet)
HPRegen 0.14/turn               (no ring)
MPRegen 0.09/turn               (no ring)

@: no status effects
A: talons 1, electricity resistance
a: no special abilities


You were in the Dungeon.
You visited 1 branch You collected 38 gold pieces.

Inventory:

Hand Weapons
 a - a +1 hunting sling (weapon)
Armour
 b - a +0 leather armour (worn)
Scrolls
 c - 2 scrolls of immolation
 d - 3 scrolls of identify
 f - a scroll of holy word
Potions
 e - 3 potions of flight
 g - 2 potions of magic
 h - 4 potions of mutation


   Skills:
 + Level 4.0 Fighting
 + Level 9.6 Slings
 + Level 2.9 Armour
 + Level 3.5 Dodging
 + Level 1.1 Stealth
 + Level 1.7 Unarmed Combat


You had 4 spell levels left.
You didn't know any spells.
Your spell library was empty.

Dungeon Overview and Level Annotations

Branches:
Dungeon (1/1)

Altars:


Innate Abilities, Weirdness & Mutations

You have sharp toenails.
You are resistant to electric shocks. (rElec)


Message History

Unknown command.
Okay, then.
Fire: a) +1 hunting sling
Press: ? - help, Q - select action Shift-Dir - straight line, f/p - shadow
Aim: a shadow (lightly damaged, 65% to hit)
You shoot a sling bullet.
The sling bullet closely misses the shadow.
The shadow misses you.
Fire: a) +1 hunting sling
Press: ? - help, Q - select action Shift-Dir - straight line, f/p - shadow
Aim: a shadow (lightly damaged, 65% to hit)
You shoot a sling bullet. The sling bullet hits the shadow.
The shadow is moderately damaged.
The shadow barely misses you.
Unknown command.
Fire: a) +1 hunting sling
Press: ? - help, Q - select action Shift-Dir - straight line, f/p - shadow
Aim: a shadow (moderately damaged, 65% to hit)
You shoot a sling bullet.
The sling bullet closely misses the shadow.
The shadow misses you.
Unknown command.
Fire: a) +1 hunting sling
Press: ? - help, Q - select action Shift-Dir - straight line, f/p - shadow
Aim: a shadow (moderately damaged, 65% to hit)
You shoot a sling bullet.
The sling bullet hits the shadow but does no damage.
The shadow is moderately damaged.
The shadow slips into darkness.
The shadow flickers and vanishes!
Deactivating autopickup; reactivate with Ctrl-A.
Fire: a) +1 hunting sling
Press: ? - help, Q - select action Shift-Dir - straight line, f - you Really target yourself?
Okay, then.
Fire: a) +1 hunting sling
Press: ? - help, Q - select action Shift-Dir - straight line You shoot a sling bullet.
The shadow strikes at you from the darkness!
You die...

▓▓▓ ▓▓▓ ..#### ##.#
.....#####..#
......#..#..#
.##...#..#..###+#+###+##
.###..##'#..#..........#
#.##..###...'.⌠.@{.....#
.##..####...#...######'#
.##..###....#.⌠.# #...#
##...##.....#...# #...#
#....#......#+### #...#
#..##.#.....# #...+
#..#####....# +...# ▓▓▓▓
▓▓▓▓▓▓ ▓▓▓▓▓


There were no monsters in sight!

Vanquished Creatures
  A scorpion (D)
  A water elemental (D)
  A jelly (D)
  A human (D)
  4 rats (D)
8 creatures vanquished.

Notes
Turn   | Place    | Note
-------+----------+-------------------------------------------
     0 | D        | mhtbhm the Human Hunter began the quest for the Orb.
     0 | D        | Reached XP level 1. HP: 16/16 MP: 1/1
    88 | D        | Reached skill level 6 in Slings
    88 | D        | Reached XP level 2. HP: 7/23 MP: 2/2
    88 | D        | Reached XP level 3. HP: 9/28 MP: 3/3
   334 | D        | Noticed a scorpion
   342 | D        | Killed a scorpion
   343 | D        | Reached skill level 7 in Slings
   343 | D        | Reached skill level 1 in Unarmed Combat
   343 | D        | Reached XP level 4. HP: 18/35 MP: 4/4
   509 | D        | Gained mutation: You are resistant to electric shocks.
                  | (rElec) [potion of mutation]
   509 | D        | Gained mutation: You have sharp toenails. [potion of
                  | mutation]
   518 | D        | Noticed a water elemental
   527 | D        | Killed a water elemental
   528 | D        | Reached skill level 9 in Slings
   528 | D        | Reached XP level 5. HP: 42/42 MP: 5/5
   699 | D        | Noticed a shadow
   715 | D        | Slain by a shadow

Illustrated notes

Levels and vault maps discovered:
D:        dungeon_sprint_mu [sprint_mu_entry_cave, sprint_mu_temple_rooms,
          sprint_mu_d1_horrors, sprint_mu_d2_genie, sprint_mu_d3_branching,
          sprint_mu_orc_legion, sprint_mu_elf_gauntlet, sprint_mu_hive_nellie,
          sprint_mu_lair_fedhas, sprint_mu_vaults_butterflies,
          sprint_mu_slime_circle, sprint_mu_shoals_archi,
          sprint_mu_snake_twists, sprint_mu_blade_basic,
          sprint_mu_crypt_fortress, sprint_mu_tomb_spiral,
          sprint_mu_vestibule_basic, sprint_mu_gehenna_hellfire,
          sprint_mu_dis_giant, sprint_mu_tartarus_statrot,
          sprint_mu_cocytus_islands, sprint_mu_zot1]

Skill      XL: |  1  2  3  4  5 |
---------------+----------------+-----
Slings         | 6 7 9 |  9.6
Fighting       | 3 4 |  4.0
Armour         | 2 |  2.9
Dodging        | 3 |  3.5
Unarmed Combat | 1 |  1.7
Stealth        | |  1.1

Action                   |  1- 3 |  4- 6 || total
-------------------------+-------+-------++-------
Melee: Unarmed           |    10 |       ||    10
 Fire: Hunting sling     |    24 |    23 ||    47
  Use: Potion            |     4 |     1 ||     5
       Scroll            |       |     2 ||     2
Armor: Leather armour    |     3 |       ||     3
Dodge: Dodged            |    11 |    10 ||    21

Table legend: (Time is in decaauts)
 A = Elapsed time spent in this place.
 B = Non-inter-level travel time spent in this place.
 C = Inter-level travel time spent in this place.
 D = Time resting spent in this place.
 E = Time spent auto-exploring this place.
 F = Levels seen in this place.
 G = Mean time per level.
                   A        B        C        D        E       F      G
               +--------+--------+--------+--------+--------+-----+--------+
         Total |    717 |    717 |      0 |    530 |     47 |   1 |  717.0 |
       Dungeon |    717 |    717 |      0 |    530 |     47 |   1 |  717.0 |
               +--------+--------+--------+--------+--------+-----+--------+

Top non-repeatable levels by time:
       D: 717 daAuts
